 Dungeon Crawl Stone Soup version 0.28-a0-938-gbc3f381ebc (console) character file.

Game seed: 16383973506336130966

3140 jejorda2 the Grappler (level 9, -2/55 HPs)
             Began as a Gargoyle Berserker on Nov 28, 2021.
             Was an Elder of Trog.
             Slain by an unseen horror (6 damage)
             ... on level 7 of the Dungeon.
             The game lasted 00:23:03 (8221 turns).

jejorda2 the Grappler (Gargoyle Berserker)          Turns: 8221, Time: 00:23:04

Health: -2/55      AC: 18    Str: 29    XL:     9   Next: 92%
Magic:  0/0        EV:  9    Int:  9    God:    Trog [****..]
Gold:   361        SH:  0    Dex:  9    Spells: 8/8 levels left

rFire   + . .      SeeInvis .     - Unarmed
rCold   . . .      Faith    .   (no shield)
rNeg    + + +      Spirit   .   f - +0 chain mail
rPois   ∞          Reflect  .   A - +0 helmet of Solemn Joy {rF+ rN++ rCorr MP-9}
rElec   +          Harm     .   (no cloak)
rCorr   +          Rampage  .   B - +0 pair of gloves
Will    .....                   (no boots)
Stlth   ..........              C - amulet of the acrobat
HPRegen 0.18/turn               j - +6 ring of strength
MPRegen 0.07/turn               (no ring)

@: no status effects
A: sickness immunity, AC +6, negative energy resistance 1, electricity
resistance, torment resistance 1, petrification resistance
a: Renounce Religion, Berserk, Trog's Hand, Brothers in Arms


You were on level 7 of the Dungeon.
You worshipped Trog.
Trog was greatly pleased with you.
You visited 1 branch of the dungeon, and saw 7 of its levels.
You also visited: Sewer.

You collected 531 gold pieces.
You spent 170 gold pieces at shops.

Inventory:

Hand Weapons
 q - the +7 mace "Gar Itea" {freeze, +Blink rC+ Dex-5 SInv}
   (You found it in a sewer)

   It freezes those it strikes, dealing additional cold damage.
   It can also slow down cold-blooded creatures.
   Dex:       It affects your dexterity (-5).
   rC:        It protects you from cold.
   SInv:      It lets you see invisible.
   +Blink:    It lets you blink.
Missiles
 b - 2 boomerangs
 d - 41 bolts
 e - 3 datura-tipped darts
 g - 64 sling bullets
 l - 166 stones (quivered)
 y - 3 throwing nets
Armour
 f - a +0 chain mail (worn)
 A - the +0 helmet of Solemn Joy (worn) {rF+ rN++ rCorr MP-9}
   (You found it on level 6 of the Dungeon)

   rF:        It protects you from fire.
   rN:        It greatly protects you from negative energy.
   MP:        It affects your magic capacity (-9).
   rCorr:     It protects you from acid and corrosion.
 B - a +0 pair of gloves (worn)
Jewellery
 h - a ring of fire
 j - a +6 ring of strength (left hand)
 v - a ring of fire
 C - an amulet of the acrobat (around neck)
Wands
 i - a wand of polymorph (13)
 m - a wand of digging (12)
 s - a wand of paralysis (16)
 z - a wand of flame (20)
Scrolls
 c - a scroll of enchant armour
 n - a scroll of fog
 p - 2 scrolls of magic mapping
Potions
 a - 6 potions of curing
 k - a potion of haste
 o - a potion of attraction
 r - 2 potions of lignification
 t - a potion of magic
 u - a potion of flight {unknown}
 x - 2 potions of heal wounds


   Skills:
 - Level 6.3 Fighting
 - Level 5.6 Armour
 - Level 1.5 Dodging
 + Level 10.6 Unarmed Combat
 * Level 5.0 Evocations


You had 8 spell levels left.
You didn't know any spells.
Your spell library was empty.

Dungeon Overview and Level Annotations

Branches:
Dungeon (7/15)             Temple (0/1) D:4           Sewer (visited)

Altars:
Elyvilon
The Shining One

Shops:
D:2 *   D:6 [


Innate Abilities, Weirdness & Mutations

You are immune to sickness and miasma.
Your stone body is resilient. (AC +6)
You are immune to poison.
You resist negative energy. (rN+)
You are resistant to electric shocks. (rElec)
You are resistant to unholy torment.
You are immune to petrification.


Message History

You destroy the vampire mosquito!
Trog accepts your kill.
Your Evocations skill increases to level 5!
You punch the white imp!
The white imp is severely wounded.
The white imp hits you but does no damage.
You hit the white imp.
The white imp is almost dead.
The white imp hits you but does no damage.
You completely miss the white imp.
The white imp is almost dead.
The white imp gestures at you. The puff of frost hits you!
You barely miss the white imp. Your punch misses the white imp.
The white imp is almost dead.
The white imp gestures at you.
The puff of frost hits you but does no damage.
You barely miss the white imp.
The white imp is almost dead.
You punch the white imp!
You kill the white imp!
Trog accepts your kill.
No target in view!
No target in view!
Something hits you but does no damage.
Deactivating autopickup; reactivate with Ctrl-A.
Something barely misses you.
You swing at nothing.
Something hits you.
You swing at nothing.
Something hits you. x2
You swing at nothing.
Something hits you! Something hits you but does no damage.
You swing at nothing.
Something hits you but does no damage. x2
You swing at nothing.
Something hits you.
You swing at nothing.
Something hits you but does no damage.
You swing at nothing.
Something hits you. Something hits you! x2
* * * LOW HITPOINT WARNING * * *
You swing at nothing.
Something hits you!
* * * LOW HITPOINT WARNING * * *
You swing at nothing.
Something hits you.
You die...

.(.. #..# #..# # ###
#..# .### ....
###..#####. ....
.....##.......... ..
....5............ #
...###{#.####### # #@#.#
###### #.#####†#.####
...... .# .............#
###### .#
..####..####.###.#######
.#
.####...............PP.
y# .............###
###.... y#
.#####...###.# ##... .#
.........# #.# #P.. .#
#####..####.#### #.PP


There were no monsters in sight!

Vanquished Creatures
  Grinder (D:5)
  4 vampire mosquitoes
  Menkaure (D:6)
  Edmund (D:5)
  A water moccasin (D:6)
  An ice beast (D:7)
  An ogre (D:6)
  4 centaurs
  A phantom (D:4)
  Blork the orc (D:5)
  A bullfrog (Sewer)
  A gnoll sergeant (D:5)
  3 scorpions
  4 howler monkeys (D:5)
  An electric eel (D:6)
  4 hounds
  A bullfrog skeleton (D:5)
  2 centaur skeletons
  Jessica (D:2)
  Ijyb (D:5)
  Terence (D:2)
  3 iguanas (D:5)
  2 orc wizards (D:5)
  A hound skeleton (D:4)
  A howler monkey zombie (D:6)
  16 gnolls
  A river rat (D:4)
  12 adders
  2 white imps
  2 worms
  2 dart slugs
  20 orcs
  11 ball pythons
  2 bats
  21 endoplasms
  13 giant cockroaches
  6 goblins
  7 hobgoblins
  14 jackals
  14 quokkas
  10 frilled lizards
  6 kobolds
  13 rats
215 creatures vanquished.

Vanquished Creatures (collateral kills)
  6 gnolls (D:5)
  6 orcs (D:5)
  A jackal (D:5)
13 creatures vanquished.

Vanquished Creatures (others)
  A fungus (D:7)
  5 toadstools (D:7)
6 creatures vanquished.

Grand Total: 234 creatures vanquished

Notes
Turn   | Place    | Note
-------+----------+-------------------------------------------
     0 | D:1      | jejorda2 the Gargoyle Berserker began the quest for the
                  | Orb.
     0 | D:1      | Reached XP level 1. HP: 14/14 MP: 1/1
   348 | D:1      | Reached XP level 2. HP: 14/19 MP: 2/2
   492 | D:1      | Found a faded altar of an unknown god.
   988 | D:1      | Reached skill level 4 in Unarmed Combat
  1005 | D:1      | Reached XP level 3. HP: 23/23 MP: 3/3
  1217 | D:2      | Found Denalos's Assorted Antiques.
  1217 | D:2      | Noticed Jessica
  1224 | D:2      | Killed Jessica
  1312 | D:2      | Reached ** piety under Trog
  1313 | D:2      | Reached XP level 4. HP: 28/28 MP: 4/4
  1349 | D:2      | Reached skill level 5 in Unarmed Combat
  1527 | D:2      | Noticed Terence
  1551 | D:2      | Reached XP level 5. HP: 32/32 MP: 5/5
  1558 | D:2      | Killed Terence
  1881 | D:2      | Found a glowing golden altar of the Shining One.
  1921 | D:2      | Reached skill level 6 in Unarmed Combat
  2121 | D:2      | Bought a dented garnet amulet for 110 gold pieces
  2911 | D:4      | Noticed a phantom
  2920 | D:4      | Killed a phantom
  2921 | D:4      | Reached XP level 6. HP: 37/37 MP: 6/6
  2941 | D:4      | Reached skill level 7 in Unarmed Combat
  3054 | D:4      | Found a glowing drain.
  3068 | Sewer    | Entered a sewer
  3157 | Sewer    | Reached *** piety under Trog
  3436 | Sewer    | Reached XP level 7. HP: 42/42 MP: 7/7
  3564 | Sewer    | Identified the +7 mace "Gar Itea" {freeze, +Blink rC+ Dex-5
                  | SInv}
  3884 | D:4      | Found a staircase to the Ecumenical Temple.
  4779 | D:2      | Bought a scroll labelled WORA YKHYLOTEL for 22 gold pieces
  4779 | D:2      | Bought a viscous golden potion for 19 gold pieces
  4779 | D:2      | Bought a grey potion for 19 gold pieces
  4812 | D:5      | Entered Level 5 of the Dungeon
  4954 | D:5      | Reached skill level 8 in Unarmed Combat
  4962 | D:5      | Reached **** piety under Trog
  4967 | D:5      | Reached XP level 8. HP: 13/48 MP: 8/8
  5375 | D:5      | Noticed Ijyb
  5397 | D:5      | Paralysed by something for 2 turns
  5408 | D:5      | Killed Ijyb
  5421 | D:5      | Noticed Blork the orc
  5425 | D:5      | Noticed Edmund
  5439 | D:5      | Killed Edmund
  5440 | D:5      | Reached skill level 5 in Fighting
  5449 | D:5      | Killed Blork the orc
  5570 | D:5      | Noticed Grinder
  5675 | D:5      | Reached skill level 9 in Unarmed Combat
  5935 | D:5      | Found a white marble altar of Elyvilon.
  6040 | D:5      | Paralysed by a gnoll for 6 turns
  6073 | D:5      | Reached skill level 5 in Armour
  6101 | D:5      | Killed Grinder
  6102 | D:5      | Reached XP level 9. HP: 52/55 MP: 9/9
  6468 | D:6      | Identified the +3 robe "Uherr" {Int+4 Dex+4}
  6519 | D:6      | Noticed Menkaure
  6528 | D:6      | Killed Menkaure
  6529 | D:6      | Reached skill level 1 in Evocations
  6619 | D:6      | Reached skill level 10 in Unarmed Combat
  6688 | D:6      | Identified the +0 helmet of Solemn Joy {rF+ rN++ rCorr
                  | MP-9}
  6931 | D:6      | Found Jydam's Antique Armour Boutique.
  8137 | D:7      | Reached skill level 5 in Evocations
  8221 | D:7      | Slain by an unseen horror

Illustrated notes

Levels and vault maps discovered:
D:1:      tarquinn_simple_flora_water_f, layout_basic,
          hellmonk_ecumenical_altar_crossroads, minmay_hexomino_p4
D:2:      minmay_spotlight, layout_loops_ring, serial_shops, shop, basic_altar,
          uniq_jessica, uniq_terence
D:3:      layout_loops_ring
D:4:      layout_basic, minmay_temple_entry_slanted, portal_sewer_entry_e,
          sigmund_army
D:5:      lemuel_castle_with_subvaults [lemuel_castle_interior_carwin_2],
          layout_rooms, mainiacjoe_overflow_paths, minmay_misc_feat_chi,
          uniq_grinder, uniq_ijyb, uniq_edmund, uniq_blork_the_orc
D:6:      layout_loops_corners, serial_shops, shop, kb_lookout_dungeons_type,
          corexii_corridor_pit, nrook_pool_corridor, uniq_menkaure
D:7:      cheibrodos_iron_armory, layout_loops_ring, minmay_gold_behind_fungi,
          amcnicky_mini_corridor_feature

Skill      XL: |  1  2  3  4  5  6  7  8  9 |
---------------+----------------------------+-----
Unarmed Combat | 4 5 6 7 8 9 10 | 10.6
Armour         | 3 5 |  5.6
Fighting       | 4 6 |  6.3
Evocations     | 5 |  5.0
Dodging        | |  1.5

Action                   |  1- 3 |  4- 6 |  7- 9 || total
-------------------------+-------+-------+-------++-------
Melee: Unarmed           |    83 |   302 |   366 ||   751
       Punch             |     1 |     4 |    17 ||    22
Throw: Stone             |       |    12 |    19 ||    31
       Boomerang         |       |       |     1 ||     1
Invok: Berserk           |     1 |     3 |     3 ||     7
       Trog's Hand       |       |       |     3 ||     3
       Brothers in Arms  |       |       |     1 ||     1
Evoke: Wand              |       |       |     4 ||     4
  Use: Scroll            |       |     6 |    10 ||    16
       Potion            |       |       |     1 ||     1
Armor: Ring mail         |    31 |    15 |       ||    46
       Animal skin       |     2 |       |       ||     2
       Scale mail        |       |   104 |    91 ||   195
       Chain mail        |       |       |   132 ||   132
Dodge: Dodged            |    33 |   110 |   172 ||   315
Block: Other             |       |    44 |    77 ||   121
       Reflection        |       |       |     5 ||     5

Table legend: (Time is in decaauts)
 A = Elapsed time spent in this place.
 B = Non-inter-level travel time spent in this place.
 C = Inter-level travel time spent in this place.
 D = Time resting spent in this place.
 E = Time spent auto-exploring this place.
 F = Levels seen in this place.
 G = Mean time per level.
                   A        B        C        D        E       F      G
               +--------+--------+--------+--------+--------+-----+--------+
         Total |   8261 |   7799 |    462 |    356 |   5754 |   8 | 1032.6 |
       Dungeon |   7587 |   7125 |    462 |    356 |   5391 |   7 | 1083.9 |
         Sewer |    674 |    674 |      0 |      0 |    363 |   1 |  674.0 |
               +--------+--------+--------+--------+--------+-----+--------+

Top non-repeatable levels by time:
     D:6: 1504 daAuts
     D:5: 1488 daAuts
     D:4: 1370 daAuts
     D:1: 1208 daAuts
     D:2: 876 daAuts
     D:3: 857 daAuts
   Sewer: 674 daAuts
     D:7: 280 daAuts
